 Dungeon Crawl Stone Soup version 0.31-a0-1084-gb392501acf (webtiles) character file.

Game seed: 8224486538265348914

5986 Gumption the Basher (level 10, 0/65 HPs)
             Began as a Gargoyle Reaver on Nov 28, 2023.
             Was a Believer of Okawaru.
             Killed from afar by a starcursed mass (4 damage)
             ... with an accursed screaming
             ... on level 2 of the Abyss.
             The game lasted 01:27:13 (9282 turns).

Gumption the Basher (Gargoyle Reaver)               Turns: 9282, Time: 01:27:13

Health: 0/65       AC: 31    Str: 20    XL:     10   Next: 85%
Magic:  13/13      EV:  6    Int: 14    God:    Okawaru [**....]
Gold:   334        SH:  0    Dex:  8    Spells: 9/13 levels left

rFire   . . .        a - +7 flail of Dithmenos {freeze, rCorr}
rCold   . . .        (no shield)
rNeg    + + .        m - +6 plate armour "Qogg" {rN+}
rPois   ∞            (no helmet)
rElec   +            (no cloak)
rCorr   +            D - +2 pair of gloves {Stlth+}
SInv    .            c - +0 pair of boots
Will    +....        (no amulet) Stlth
                     F - ring of willpower
HPRegen 0.30/turn    (no ring)
MPRegen 0.13/turn

%: no passive effects
@: no status effects
A: sickness immunity, AC +7, negative energy resistance 1, electricity
resistance, torment resistance 1, petrification resistance
a: Renounce Religion, Heroism


You were on level 2 of the Abyss.
You worshipped Okawaru.
Okawaru was pleased with you.
You visited 2 branches of the dungeon, and saw 10 of its levels.
You visited the Abyss 1 time.
You also visited: Bailey.

You collected 977 gold pieces.
You spent 643 gold pieces at shops.

Inventory:

Hand Weapons
 a - the +7 flail of Dithmenos (weapon) {freeze, rCorr}
   (You found it on level 6 of the Dungeon)

   rCorr:     It protects you from acid and corrosion.
 b - a +3 orcbow
 j - a +0 mace
 w - the +2 whip of the Other Side {spect, SInv}
   (You found it on level 2 of the Dungeon)

   SInv:      It lets you see invisible.
Missiles
 r - 7 poisoned darts
 s - a curare-tipped dart
 y - 7 boomerangs (quivered)
Armour
 c - a +0 pair of boots (worn)
 m - the +6 plate armour "Qogg" (worn) {rN+}
   (You took it off an orc warrior in a bailey)

   rN+:       It protects you from negative energy.
 D - a +2 pair of gloves of stealth (worn)
Jewellery
 F - a ring of willpower (left hand)
 I - an amulet of reflection
Wands
 k - a wand of flame (29)
 o - a wand of mindburst (20)
 E - a wand of roots (12)
Scrolls
 p - 2 scrolls of teleportation
 q - a scroll of fog
 G - a scroll of blinking
 H - 2 scrolls of silence {unknown}
Potions
 d - 3 potions of lignification
 f - 4 potions of curing
 h - a potion of degeneration {unknown}
 l - 2 potions of heal wounds
 n - 3 potions of mutation
 t - 4 potions of haste
 u - a potion of magic {unknown}
 z - a potion of resistance {unknown}
 A - 4 potions of attraction
 B - a potion of ambrosia {unknown}
Miscellaneous
 v - a lightning rod (3/4)


   Skills:
 + Level 8.6 Fighting
 * Level 11.2 Maces & Flails
 + Level 8.1 Armour
 - Level 1.5 Dodging
 - Level 2.2 Spellcasting
 - Level 3.7 Conjurations
 - Level 3.0 Invocations
 - Level 3.0 Evocations


You had 9 spell levels left.
You knew the following spells:

 Your Spells              Type           Power      Damage    Failure   Level
a - Kiss of Death         Conj/Necr      24%        2d7       91%         1
b - Momentum Strike       Conj/Tloc      12%        3d8       97%         2
c - Apportation           Tloc           2%         N/A       99%         1

Your spell library contained the following spells:

 Spells                   Type           Power      Damage    Failure   Level
 Magic Dart               Conj           48%        1d5       67%         1
 Searing Ray              Conj           24%        2d5       82%         2
 Hailstorm                Conj/Ice       6%         3d4       99%         3
 Ensorcelled Hibernation  Hex/Ice        2%         N/A       100%        2
 Jinxbite                 Hex            2%         N/A       100%        2
 Anguish                  Hex/Necr       0%         N/A       100%        4
 Fulminant Prism          Conj/Hex       3%         3d5       100%        4
 Alistair's Intoxication  Tmut/Pois      0%         N/A       100%        5


Dungeon Overview and Level Annotations

Branches:
Dungeon (9/15)             Temple (1/1) D:6          Bailey (visited)
   Lair: D:8-11         Orc: D:9-12

Altars:
Ashenzari
Cheibriados
Dithmenos
Elyvilon
Fedhas
Gozag
Hepliaklqana
Makhleb
Nemelex Xobeh
Okawaru
Qazlal
Ru
Sif Muna
Trog
Uskayaw
Vehumet
Wu Jian
Xom
Yredelemnul
The Shining One

Shops:
D:7 *

Annotations:
D:4 1 runed translucent door, Crazy Yiuf
D:9 Erolcha


Innate Abilities, Weirdness & Mutations

You are immune to sickness and miasma.
Your stone body is resilient. (AC +7)
You are immune to poison.
You resist negative energy. (rN+)
You are resistant to electric shocks. (rElec)
You are resistant to unholy torment.
You are immune to petrification.


Message History

The flying skull hits you.
* * * LOW HITPOINT WARNING * * *
The flying skull barely misses you.
You hit the flying skull but do no damage.
The flying skull is moderately damaged.
The flying skull hits you but does no damage.
A starcursed mass splits.
You thump the flying skull! You freeze the flying skull.
The flying skull is severely damaged.
The flying skull hits you but does no damage.
You closely miss the flying skull.
The flying skull is severely damaged.
The flying skull hits you but does no damage.
A starcursed mass splits.
A chorus of shrieks assaults your mind.
* * * LOW HITPOINT WARNING * * *
You hit the starcursed mass but do no damage.
A starcursed mass splits.
You thump the starcursed mass! You freeze the starcursed mass.
You destroy the starcursed mass!
Okawaru accepts your kill. The flying skull barely misses you.
You barely miss the flying skull.
The flying skull is lightly damaged.
You sock the starcursed mass! You freeze the starcursed mass.
You destroy the starcursed mass!
Okawaru accepts your kill. A chorus of shrieks assaults your mind.
* * * LOW HITPOINT WARNING * * *
You sock the starcursed mass! You freeze the starcursed mass.
The starcursed mass is moderately damaged.
The starcursed mass shudders and is absorbed by its neighbour.
A chorus of shrieks assaults your mind.
* * * LOW HITPOINT WARNING * * *
You hit the flying skull.
The flying skull is lightly damaged.
The flying skull hits you.
* * * LOW HITPOINT WARNING * * *
A chorus of shrieks assaults your mind.
You die...

# #X ## X..
.. . XX#.###
#. #. #.. . .
.#.#..#### .
. .# #X#.. #
#. ##..#.X.#
### #.# . #z
#.
...z.###.#..#
## ... ...#
...#@...#
#.###. ..##
#.Xz##...#
#.#.##
#.#X....#.# .
## #..#.####
# # ##.### ..
###


You could see 2 starcursed masses and a flying skull.

Vanquished Creatures
  2 two-headed ogres
  A hornet (D:7)
  Prince Ribbit (D:8)
  2 flying skulls
  A steam dragon (D:7)
  A water moccasin (D:8)
  2 black bears (D:5)
  11 orc warriors
  A sky beast (D:6)
  An elephant zombie (D:6)
  2 ogres
  3 centaurs
  4 phantoms
  3 bullfrogs
  2 kobold brigands
  3 scorpions
  A wight (D:8)
  3 killer bees (D:8)
  3 howler monkeys (D:8)
  2 hounds
  2 human zombies (D:6)
  A gnoll bouda (D:8)
  2 orc priests (D:8)
  2 starcursed masses (Abyss:2)
  7 orc wizards
  An iguana (D:4)
  2 ogre zombies (D:6)
  5 hound zombies (D:6)
  7 gnolls
  3 howler monkey zombies (D:6)
  8 adders
  3 white imps
  2 ufetubi (D:5)
  An adder zombie (D:6)
  4 worms
  4 dart slugs
  45 orcs
  7 bats
  6 endoplasms
  4 giant cockroaches
  15 goblins
  14 hobgoblins
  18 jackals
  3 quokkas
  7 ball pythons
  4 frilled lizards
  15 kobolds
  5 rats
246 creatures vanquished.

Notes
Turn   | Place    | Note
-------+----------+-------------------------------------------
     0 | D:1      | Gumption the Gargoyle Reaver began the quest for the Orb.
     0 | D:1      | Reached XP level 1. HP: 12/12 MP: 3/3
   208 | D:1      | Reached XP level 2. HP: 17/17 MP: 5/5
   214 | D:1      | Learned a level 2 spell: Momentum Strike
   736 | D:1      | Reached XP level 3. HP: 20/22 MP: 6/6
  1459 | D:2      | Identified the +2 whip of the Other Side {spect, SInv}
  1599 | D:2      | Reached XP level 4. HP: 27/27 MP: 7/7
  1863 | D:2      | Reached skill level 1 in Armour
  1954 | D:2      | Reached skill level 4 in Maces & Flails
  2237 | D:3      | Found a faded altar of an unknown god.
  2334 | D:3      | Reached XP level 5. HP: 32/32 MP: 8/8
  2386 | D:3      | Found a shimmering blue altar of Sif Muna.
  4091 | D:4      | Reached XP level 6. HP: 34/37 MP: 9/9
  4243 | D:4      | Found a bloodstained altar of Trog.
  4353 | D:4      | Found a runed translucent door.
  4354 | D:4      | Noticed Crazy Yiuf
  4442 | D:5      | Entered Level 5 of the Dungeon
  4442 | D:5      | Noticed a black bear
  4442 | D:5      | Found an iron altar of Okawaru.
  4449 | D:5      | Killed a black bear
  4450 | D:5      | Reached skill level 5 in Maces & Flails
  4452 | D:5      | Noticed a black bear
  4455 | D:5      | Became a worshipper of Warmaster Okawaru
  4459 | D:5      | Killed a black bear
  4472 | D:5      | Reached XP level 7. HP: 39/44 MP: 10/10
  4512 | D:5      | Reached * piety under Okawaru
  4513 | D:5      | Reached skill level 6 in Maces & Flails
  4563 | D:5      | Learned a level 1 spell: Apportation
  4887 | D:5      | Found a hide-covered altar of Uskayaw.
  4916 | D:5      | Identified the +0 scale mail of Fun and Games {Rampage
                  | *Slow Str+6}
  4933 | D:5      | Reached skill level 5 in Fighting
  4961 | D:5      | Reached XP level 8. HP: 49/49 MP: 11/11
  5203 | D:6      | Reached ** piety under Okawaru
  5222 | D:6      | Reached skill level 7 in Maces & Flails
  5337 | D:6      | Found a basalt altar of Yredelemnul.
  5339 | D:6      | Noticed a flying skull
  5484 | D:6      | Found a staircase to the Ecumenical Temple.
  5489 | Temple   | Entered the Ecumenical Temple
  5751 | D:6      | Reached skill level 5 in Armour
  5751 | D:6      | Reached skill level 1 in Evocations
  5826 | D:6      | Killed a flying skull
  5855 | D:6      | Reached skill level 8 in Maces & Flails
  5888 | D:6      | Reached XP level 9. HP: 34/55 MP: 9/12
  5945 | D:6      | Identified the +7 flail of Dithmenos {freeze, rCorr}
  6062 | D:6      | Found an ornate altar of the Wu Jian Council.
  6157 | D:7      | Noticed a hornet
  6166 | D:7      | Killed a hornet
  6388 | D:7      | Reached skill level 9 in Maces & Flails
  6393 | D:7      | Found a flagged portal.
  6400 | Bailey   | Entered a bailey
  6956 | Bailey   | Reached skill level 1 in Invocations
  7116 | Bailey   | Identified the +6 plate armour "Qogg" {rN+}
  7658 | D:7      | Reached XP level 10. HP: 63/63 MP: 13/13
  7854 | D:7      | Found Ranef's General Store.
  7864 | D:7      | Bought a scroll of blinking for 97 gold pieces
  7864 | D:7      | Bought a scroll of identify for 26 gold pieces
  7864 | D:7      | Bought a potion of haste for 130 gold pieces
  7864 | D:7      | Bought an amulet of reflection for 390 gold pieces
  7918 | D:8      | Found a blossoming altar of Fedhas.
  7918 | D:8      | Found a stormy altar of Qazlal.
  7977 | D:8      | Found a radiant altar of Vehumet.
  7979 | D:8      | Found a burning altar of Makhleb.
  8235 | D:8      | Noticed Prince Ribbit
  8242 | D:8      | Reached skill level 10 in Maces & Flails
  8260 | D:8      | Killed Prince Ribbit
  8327 | D:8      | Found a snail-covered altar of Cheibriados.
  8405 | D:8      | Found a glowing golden altar of the Shining One.
  8597 | D:8      | Found a broken altar of Ashenzari.
  8711 | D:8      | Noticed a two-headed ogre
  8765 | D:8      | Killed a two-headed ogre
  9114 | D:9      | Noticed a two-headed ogre
  9119 | D:9      | Noticed Erolcha
  9120 | D:9      | Killed a two-headed ogre
  9121 | D:9      | Reached skill level 11 in Maces & Flails
  9184 | Abyss:2  | Cast into level 2 of the Abyss (Erolcha)
  9187 | Abyss:2  | Found a corrupted altar of Lugonu.
  9212 | Abyss:2  | Noticed a bone dragon
  9254 | Abyss:2  | Noticed a starcursed mass
  9282 | Abyss:2  | Killed from afar by a starcursed mass

Illustrated notes

Levels and vault maps discovered:
D:1:      sevenhm_arrival_forest_fort_large_4, layout_loops_ring
D:2:      minmay_angry_zag, layout_basic
D:3:      layout_rooms, nicolae_sif_muna_condensation,
          dreamdust_ecumenical_altar_angels_and_demons, roderic_lattice_a
D:4:      layout_basic, mainiacjoe_overflow_concentric_impassable,
          uniq_crazy_yiuf_cottage
D:5:      layout_cave_pools, overflow_temple_1_default,
          mainiacjoe_overflow_alcove_4, roderic_roman_lattice,
          hangedman_decor_points
D:6:      layout_loops_ring, lemuel_tele_altar,
          minmay_temple_entry_glassed_door, roadster_capsule_ark_zombie
D:7:      layout_rooms, enter_bailey_3, serial_shops, nicolae_lakefront_shop
D:8:      layout_basic, mainiacjoe_overflow_chevrons, tso_oasis_becter,
          nicolae_overflow_macrodata_refinement, marbit_many_paths, st_stairs_3,
          uniq_prince_ribbit1
D:9:      minmay_recursive_quarters, layout_loops_ring,
          mainiacjoe_overflow_alcove_1, hangedman_decor_peaks_small,
          minmay_misc_feat_room, kennysheep_kite_vault, uniq_erolcha
Temple:   nicolae_temple_bog_church
Abyss:2:  base: D:4, evilmike_abyss_exit_10, evilmike_abyss_exit_10

Skill      XL: |  1  2  3  4  5  6  7  8  9 10 |
---------------+-------------------------------+-----
Armour         | 1 2 3 4 5 6 8 |  8.1
Maces & Flails | 4 5 6 8 9 11 | 11.2
Fighting       | 3 4 5 6 7 8 |  8.6
Evocations     | 2 3 |  3.0
Invocations    | 2 3 |  3.0
Dodging        | |  1.5
Spellcasting   | |  2.2
Conjurations   | |  3.7

Action                     |  1- 3 |  4- 6 |  7- 9 | 10-12 || total
---------------------------+-------+-------+-------+-------++-------
  Melee: Mace              |    89 |       |       |       ||    89
         Punch             |     2 |     2 |     3 |     3 ||    10
         Whip              |    33 |   176 |   386 |   164 ||   759
         Flail             |       |       |    13 |    46 ||    59
   Fire: Sling             |     4 |    13 |       |       ||    17
  Throw: Dart              |       |     6 |     8 |     3 ||    17
         Boomerang         |       |       |       |     5 ||     5
   Cast: Momentum Strike   |     1 |       |       |       ||     1
 Invoke: Heroism           |       |       |    19 |     6 ||    25
  Evoke: Wand              |       |     3 |    13 |       ||    16
         Lightning rod     |       |       |       |     1 ||     1
    Use: Scroll            |       |     3 |     9 |     2 ||    14
         Potion            |       |       |       |     2 ||     2
   Stab: Distracted        |       |     1 |     6 |       ||     7
 Armour: Leather armour    |    38 |       |       |       ||    38
         Chain mail        |    44 |   112 |   197 |       ||   353
         Plate armour      |       |       |    26 |   191 ||   217
  Dodge: Dodged            |    60 |    51 |    94 |    69 ||   274

Table legend: (Time is in decaauts)
 A = Elapsed time spent in this place.
 B = Non-inter-level travel time spent in this place.
 C = Inter-level travel time spent in this place.
 D = Time resting spent in this place.
 E = Time spent auto-exploring this place.
 F = Levels seen in this place.
 G = Mean time per level.
                   A        B        C        D        E       F      G
               +--------+--------+--------+--------+--------+-----+--------+
         Total |   9048 |   8654 |    394 |   1498 |   2662 |  12 |  754.0 |
       Dungeon |   7891 |   7497 |    394 |   1062 |   2593 |   9 |  876.8 |
        Temple |      1 |      1 |      0 |      0 |      0 |   1 |    1.0 |
         Abyss |     76 |     76 |      0 |      0 |      0 |   1 |   76.0 |
        Bailey |   1079 |   1079 |      0 |    436 |     69 |   1 | 1079.0 |
               +--------+--------+--------+--------+--------+-----+--------+

Top non-repeatable levels by time:
     D:4: 1322 daAuts
     D:1: 1206 daAuts
     D:8: 1176 daAuts
  Bailey: 1079 daAuts
     D:2: 1000 daAuts
     D:3: 917 daAuts
     D:6: 899 daAuts
     D:5: 727 daAuts
     D:7: 626 daAuts
 Abyss:2: 76 daAuts
     D:9: 13 daAuts
  Temple: 1 daAuts
